 Dungeon Crawl Stone Soup version 0.17.0-28-g6e173f8 (webtiles) character file.

1603 Larett the Blocker (level 8, -3/68 HPs)
             Began as a Hill Orc Fighter on Nov 26, 2015.
             Was a Follower of Beogh.
             Killed from afar by an electric eel (13 damage)
             ... with a bolt of electricity
             ... on level 6 of the Dungeon.
             The game lasted 00:20:38 (6256 turns).

Larett the Blocker (Hill Orc Fighter)               Turns: 6256, Time: 00:20:39

Health: -3/68      AC: 12    Str: 21    XL:     8   Next: 94%
Magic:  8/8        EV:  4    Int:  8    God:    Beogh [*.....]
Gold:   222        SH: 19    Dex: 10    Spells: 0 memorised, 7 levels left

rFire  . . .     SeeInvis .     K - +4 flail
rCold  . . .     Clarity  .     p - +0 chain mail
rNeg   . . .     SustAt   .     t - +2 large shield
rPois  .         Gourm    +     (no helmet)
rElec  .         Spirit   .     Q - +1 cloak
rCorr  .         Warding  .     (no gloves)
rMut   .         Stasis   .     (no boots)
MR     .....                    I - amulet of the gourmand
Stlth  ..........               (no ring)
                                (no ring)

@: not resistant to hostile enchantments, extremely unstealthy
A: no striking features
a: Renounce Religion


You were on level 6 of the Dungeon.
You worshipped Beogh.
Beogh was aware of your devotion.
You were not hungry.

You visited 1 branch of the dungeon, and saw 6 of its levels.
You also visited: Sewer.

You collected 222 gold pieces.

Inventory:

Hand Weapons
 a - a +0 war axe
 d - a +0 hunting sling
 s - a +1 vampiric short sword
 v - a +0 shortbow
 w - a +2 dagger of holy wrath
 x - a +0 vampiric lajatang
 y - a +0 blowgun
 z - a +0 club
 K - a +4 flail (weapon)
 O - a +0 war axe
Missiles
 f - 124 stones (quivered)
 i - 40 poisoned needles
 q - 48 bolts
 r - 96 sling bullets
 u - 13 tomahawks
 D - 91 arrows
 J - 6 curare-tipped needles
Armour
 c - a +0 shield
 p - a +0 chain mail (worn)
 t - a +2 large shield (worn)
 A - a +0 ring mail
 H - a +0 cloak
 Q - a +1 cloak (worn)
Jewellery
 I - an amulet of the gourmand (around neck)
Wands
 L - a wand of invisibility (7)
Scrolls
 e - a scroll of silence {unknown}
 j - 3 scrolls of remove curse
 k - 6 scrolls of teleportation
 m - a scroll of recharging
 n - 2 scrolls of blinking
 C - 2 scrolls of fear
 F - 2 scrolls of identify
 M - 2 scrolls of random uselessness {unknown}
Potions
 b - a potion of degeneration
 g - 2 potions of curing
 h - 2 potions of flight
 l - a potion of heal wounds
 o - a potion of might
 P - a potion of berserk rage {unknown}
Books
 B - a book of Death

   Spells                             Type                      Level
   a - Corpse Rot                     Necromancy                   2
   b - Sublimation of Blood           Necromancy                   2
   c - Agony                          Necromancy                   5
   d - Dispel Undead                  Necromancy                   5
   e - Excruciating Wounds            Charms/Necromancy            5
   f - Bolt of Draining               Conjuration/Necromancy       5
Comestibles
 E - a bread ration
 G - 3 beef jerkies
 N - 2 meat rations


   Skills:
 - Level 5.0 Fighting
 - Level 5.4 Short Blades
 - Level 2.6(4.4) Axes
 * Level 4.5(4.8) Maces & Flails
 - Level 4.6 Armour
 + Level 8.5 Shields


You had 7 spell levels left.
You didn't know any spells.

Dungeon Overview and Level Annotations

Branches:
Dungeon (6/15)             Temple (0/1) D:4

Altars:
Kikubaaqudgha
Makhleb

Shops:
D:5 :


Message History

You hit the electric eel.
The electric eel is lightly wounded.
The electric eel shoots out a bolt of lightning at you!
The bolt of electricity hits the orc.
The orc dies!
The bolt of electricity hits you!
Your unstable footing causes you to fumble your attack.
The electric eel shoots out a bolt of lightning at you!
The bolt of electricity hits you! x2
* * * LOW HITPOINT WARNING * * *
The bolt of electricity hits the electric eel.
The electric eel completely resists.
The electric eel shoots out a bolt of lightning at you!
The bolt of electricity hits you!
* * * LOW HITPOINT WARNING * * *
The electric eel shoots out a bolt of lightning at you!
The bolt of electricity hits you! Beogh protects you from harm!
The bolt of electricity hits you!
You die...

,,,,*,,≈≈**,**,≈≈,,,,,,,,≈≈≈≈≈,,,
***,*,≈≈*#.##.≈≈≈*,,,...*≈≈≈≈,,,,
*,*≈≈**...P≈≈.***....##*,≈≈,,**
*,*****#...≈≈≈≈*......#≈≈≈,,,,,
*,***,,....≈≈≈≈,.......≈≈≈,,,,*
****,**..#.≈≈;≈*......#≈≈≈≈,**,
*,,,.#..≈≈)###....##*.≈≈,,,,
**,,....≈≈;≈#..!...#≈≈≈≈,,**
*,,*#)..≈≈≈@........≈≈≈,,,,,
**,,.##.≈≈≈≈#......#≈≈,,**,*
**,*#..≈≈.###....##*≈,,,,**
**#.##≈≈.,#......#,,,,*** ###
#######*#......#**### #.# #...,*
#....### #.# ####.# #..#** #.####
#.# .....# #..# #.# #.# ######
##..#####.# #.#


You could see 2 electric eels.

Vanquished Creatures
  The ghost of Inchmeat the Conjurer, a novice GrFE (D:4)
  The ghost of Hamnsausages the Covered, an amateur HuFi (D:3)
  3 phantoms
  3 centaurs (D:5)
  A crocodile (Sewer)
  3 crimson imps
  2 iguanas
  An orc priest (D:5)
  4 hounds
  A jelly (D:6)
  2 giant frog skeletons
  3 orc wizards (D:3)
  A worker ant (D:5)
  6 adders
  A river rat (D:6)
  A shadow imp (D:6)
  An ooze (D:3)
  12 orcs
  9 goblins
  5 hobgoblins
  6 jackals
  2 quokkas
  3 ball pythons
  7 bats
  9 giant cockroaches
  6 giant geckos
  A giant gecko zombie (D:5)
  6 giant newts
  9 kobolds
  10 rats
120 creatures vanquished.

Vanquished Creatures (others)
  An orc priest (D:3)
  An orc wizard (D:3)
  4 orcs
  2 goblins (D:3)
  2 jackals (D:3)
10 creatures vanquished.

Grand Total: 130 creatures vanquished

Notes
Turn   | Place    | Note
--------------------------------------------------------------
     0 | D:1      | Larett the Hill Orc Fighter began the quest for the Orb.
     0 | D:1      | Reached XP level 1. HP: 19/19 MP: 1/1
   170 | D:1      | Reached XP level 2. HP: 27/27 MP: 2/2
   203 | D:1      | Reached skill level 4 in Fighting
   818 | D:2      | Reached XP level 3. HP: 29/33 MP: 3/3
  1462 | D:3      | Reached XP level 4. HP: 39/41 MP: 4/4
  1556 | D:3      | Reached skill level 5 in Fighting
  1942 | D:3      | Became a worshipper of Beogh the Brigand
  1946 | D:3      | Noticed Hamnsausages's ghost (amateur HuFi)
  2631 | D:3      | Killed Hamnsausages's ghost
  2631 | D:3      | Reached XP level 5. HP: 22/48 MP: 5/5
  2631 | D:3      | Reached XP level 6. HP: 25/56 MP: 6/6
  3753 | D:4      | Noticed Inchmeat's ghost (novice GrFE)
  3821 | D:4      | Killed Inchmeat's ghost
  3821 | D:4      | Reached skill level 5 in Short Blades
  3821 | D:4      | Reached skill level 5 in Shields
  3821 | D:4      | Reached XP level 7. HP: 16/61 MP: 7/7
  3840 | D:4      | Found a staircase to the Ecumenical Temple.
  4322 | D:5      | Entered Level 5 of the Dungeon
  4331 | D:5      | Reached skill level 6 in Shields
  4363 | D:5      | Reached skill level 1 in Maces & Flails
  4363 | D:5      | Reached XP level 8. HP: 68/68 MP: 8/8
  4478 | D:5      | Found a burning altar of Makhleb.
  4557 | D:5      | Reached * piety under Beogh
  4562 | D:5      | Reached skill level 7 in Shields
  4581 | D:5      | Found an ancient bone altar of Kikubaaqudgha.
  4993 | D:5      | Found Qicel's Book Shop.
  5597 | D:6      | Reached skill level 8 in Shields
  5640 | D:6      | Found a glowing drain.
  5686 | Sewer    | Entered a sewer
  6256 | D:6      | Beogh protects you from harm!
  6256 | D:6      | Killed from afar by an electric eel

Action                   |  1- 3 |  4- 6 |  7- 9 || total
-------------------------+-------+-------+-------++-------
Melee: War axe           |   143 |    41 |       ||   184
       Short sword       |       |   264 |   107 ||   371
       Flail             |       |       |   236 ||   236
Invok: Convert to Beogh  |       |     1 |       ||     1
  Use: Scroll            |     4 |     1 |     8 ||    13
       Potion            |       |     8 |       ||     8
  Eat: Chunk             |     2 |     6 |    10 ||    18
       Bread ration      |       |     1 |     1 ||     2
